[Event "Live Chess"]
[Site "Chess.com"]
[Date "2023.05.21"]
[Round "-"]
[White "Man-Del-Brot"]
[Black "RockTroll"]
[Result "0-1"]
[WhiteElo "1041"]
[BlackElo "2213"]
[TimeControl "300"]
[EndTime "2:36:57 PDT"]
[Termination "RockTroll won by resignation"]

1. d4 Nf6 2. Nf3 g6 3. Bf4 Bg7 4. e3 O-O 5. Be2 d6 6. c3 Nc6 7. Nbd2 Nd7 8. O-O e5 9. dxe5 dxe5 10.
Bg3 f5 11. h3 g5 12. Ne1 f4 13. exf4 exf4 14. Bc4+ Kh8 15. Bh2 Nde5 16. Bb3 Bf5 17. Ndf3 Qf6 18. Nxe5 Nxe5 19. Nf3 Rad8 20. Qe1 Nxf3+ 21.
gxf3 Rfe8 22. Qxe8+ Rxe8 23. Rfe1 Rxe1+ 24. Rxe1 Bf8 25. Kg2 Bc5 26. Rd1 Qh6 27. Rd5 Qxh3+ 28. Kg1 Bxf2+ 0-1

[Event "Live Chess"]
[Site "Chess.com"]
[Date "2023.05.21"]
[Round "-"]
[White "Keithdfg"]
[Black "defenderalist"]
[Result "1-0"]
[WhiteElo "1700"]
[BlackElo "1639"]
[TimeControl "300"]
[EndTime "2:36:57 PDT"]
[Termination "Keithdfg won by resignation"]

1. Nf3 Nf6 2. d4 b6 3. Bf4 Bb7 4. e3 e6 5. Be2 h6 6. h3 g5 7. Bh2 Nc6 8. Nbd2 Bg7 9. c3 Qe7 10. a4 g4 11. hxg4 Nxg4 12. Bg3 h5 13. Nc4 f5 14. a5 bxa5 15. Nxa5 Nxa5 16. Rxa5 Bxf3 17. gxf3 Nf6 18. Qa1 h4 19. Rxh4 Rxh4 20. Bxh4 Rb8 21. b4 Qf7 22. Bxf6 Bxf6 23. f4 Ke7 24. Rxa7 Rh8 25. Kd2 Rh2 26. Qg1 Qh5 27. Bxh5 1-0

[Event "Live Chess"]
[Site "Chess.com"]
[Date "2023.05.21"]
[Round "-"]
[White "LiamBellwood"]
[Black "yeetpizza74"]
[Result "1-0"]
[WhiteElo "1958"]
[BlackElo "481"]
[TimeControl "300"]
[EndTime "2:37:17 PDT"]
[Termination "LiamBellwood won by checkmate"]

1. d4 e5 2. Nc3 Nc6 3. d5 Nb4 4. e4 d6 5. f4 exf4 6. Bxf4 Nf6 7. Nf3 Bg4 8. Bd3 Nxd3+ 9. Qxd3 c6 10. O-O cxd5 11.
exd5 Bxf3 12. Qxf3 Be7 13. Ne4 Nxe4 14. Qxe4 O-O 15.
Rae1 Re8 16. Qf5 Bh4 17. Rxe8+ Qxe8 18. g3 Be7 19. Re1 Rc8 20. Bxd6 Rxc2 21. Qxc2 Qd7 22. Rxe7 h6 23. Rxd7 a6 24. Qf5 b6 25. Rd8# 1-0

[Event "Live Chess"]
[Site "Chess.com"]
[Date "2023.05.21"]
[Round "-"]
[White "VovaOvchar1990"]
[Black "Reggie016"]
[Result "0-1"]
[WhiteElo "1222"]
[BlackElo "1136"]
[TimeControl "300"]
[EndTime "2:37:32 PDT"]
[Termination "Reggie016 won by resignation"]

1. e4 e6 2. Bc4 d5 3. exd5 exd5 4. Bb3 c5 5. c3 Nc6 6. Nf3 Nf6 7. O-O Bg4 8. h3 Bh5 9. d3 Be7 10. Nbd2 O-O 11. Qc2 Bg6 12. Qd1 Re8 13. Re1 Bxd3 14. Nf1 c4 15. Bc2 Bxc2 16. Qxc2 Qc7 17. Ng5 g6 18.
Qb3 cxb3 19. axb3 Bc5 20. b4 Bb6 21. Rxe8+ Rxe8 22. Be3 Bxe3 23. Nxe3 d4 24. Nc4 dxc3 25. bxc3 Ne5 26. Nxe5 Rxe5 27. Nf3 Re2 28. Rxa7 Qxc3 29.
Rxb7 Ne4 30. Re7 Qxb4 31. Ng5 Re1+ 0-1

[Event "Live Chess"]
[Site "Chess.com"]
[Date "2023.05.21"]
[Round "-"]
[White "Pandreq"]
[Black "chessfiction"]
[Result "0-1"]
[WhiteElo "1235"]
[BlackElo "2336"]
[TimeControl "300"]
[EndTime "2:37:39 PDT"]
[Termination "chessfiction won by resignation"]

1. d4 d5 2. c4 e5 3. cxd5 e4 4.
Nc3 Nf6 5. Bg5 Bd6 6. Bxf6 Qxf6 7. Nxe4 Bb4+ 8. Nd2 Qxd4 9. Nf3 Qxb2 10. Rb1 Qa3 11. Qc2 Na6 12. e4 O-O 13. Bc4 Bg4 14. O-O Rfe8 15. Rb3 Qa5 16. Rb2 Nc5 17. Nb3 Nxb3 18.
Qxb3 Bd6 19. e5 Bxf3 20. exd6 Be4 21. dxc7 Qxc7 22. Qxb7 Qxc4 23. Rfb1 Bxb1 24. Rxb1 Qe4 25. h3 h5 26. d6 Qxb7 27. Rxb7 Red8 28. d7 Kf8 29. a4 Ke7 30. a5 g6 31. a6 Rxd7 32. Rxd7+ Kxd7 0-1

[Event "Live Chess"]
[Site "Chess.com"]
[Date "2023.05.21"]
[Round "-"]
[White "TheSmoulderingMaster"]
[Black "Doge_Dandolo"]
[Result "1-0"]
[WhiteElo "1721"]
[BlackElo "1857"]
[TimeControl "300"]
[EndTime "2:37:58 PDT"]
[Termination "TheSmoulderingMaster won by resignation"]

1. e4 c6 2. d4 d5 3. Nc3 dxe4 4. Nxe4 Bf5 5. Ng3 Bg6 6. Nh3 Nf6 7. Nf4 e5 8. Nxg6 hxg6 9. dxe5 Qa5+ 10. Bd2 Qxe5+ 11. Be2 Nbd7 12. O-O Bd6 13. Re1 O-O-O 14. Bc4 Qc5 15.
Bxf7 Ne5 16. Bb3 Neg4 17. Be6+ Kb8 18. Bxg4 Nxg4 19. Qxg4 Rdf8 20. Be3 Qxc2 21. Qd4 1-0

[Event "Live Chess"]
[Site "Chess.com"]
[Date "2023.05.21"]
[Round "-"]
[White "Pablo_dmp"]
[Black "FailsGambits"]
[Result "1-0"]
[WhiteElo "1856"]
[BlackElo "1337"]
[TimeControl "300"]
[EndTime "2:38:01 PDT"]
[Termination "Pablo_dmp won on time"]

1. e3 d5 2. Nf3 c5 3. b3 Nf6 4. Bb2 g6 5. c4 Bg7 6. cxd5 Qxd5 7. Nc3 Qd8 8. Bc4 O-O 9. O-O Nc6 10. Ne2 Bg4 11. Ng3 Bxf3 12. Qxf3 Qxd2 13. Bxf6 Bxf6 14. Ne4 Ne5 15. Nxd2 Nxf3+ 16. Nxf3 Bxa1 17. Rxa1 a6 18. a4 b5 19. axb5 axb5 20. Rxa8 Rxa8 21. Bxb5 Ra1+ 22. Bf1 Rb1 23. Nd2 Rb2 24. Ne4 Rxb3 25. Nxc5 Rb1 26. g3 Kg7 27. Kg2 h5 28. Bd3 Rc1 29. Ne4 f5 30. Ng5 Kf6 31. Nf3 Rc3 32. Be2 e5 33. h4 Rc2 34. Bd1 Ra2 35. Bb3 Ra3 36. Bd5 Ra5 37.
Bc4 Ra4 38. Bb5 Rb4 39. Bf1 Rb1 40. Ng5 Rb8 41. f4 exf4 42. gxf4 Rb2+ 43. Kf3 Rh2 44. Kg3 Ra2 45. Bc4 Ra4 46. Bb5 Ra3 47. Kf3 Rb3 48. Bc4 Rb1 49. Nh7+ Kg7 50. Ng5 Kf6 51. e4 fxe4+ 52. Kxe4 Rb4 53. Kd3 Kf5 54. Be6+ Kxf4 55. Bf7 Kg3 56. Bxg6 Kxh4 57. Nf7 Rb5 58. Kc3 Rc5+ 59.
Kb4 Rc7 60. Ne5 Re7 61. Nd3 Re3 62. Nf2 1-0

[Event "Live Chess"]
[Site "Chess.com"]
[Date "2023.05.21"]
[Round "-"]
[White "WelshTiger"]
[Black "PrinceCharming_1"]
[Result "1-0"]
[WhiteElo "2338"]
[BlackElo "1623"]
[TimeControl "300"]
[EndTime "2:38:15 PDT"]
[Termination "WelshTiger won by resignation"]

1. e4 e5 2. Nf3 Nc6 3. d4 exd4 4. Bc4 Nf6 5. e5 Ne4 6. Bd5 Nc5 7. O-O Be7 8. Re1 Ne6 9. c3 dxc3 10. Nxc3 O-O 11. Be3 d6 12. exd6 Bxd6 13. Bxc6 bxc6 14. Ne4 Be7 15. Qc2 Ba6 16. Red1 Qc8 17. b3 f5 18. Nc5 Nxc5 19. Bxc5 Bxc5 20. Qxc5 Be2 21. Rd4 Bxf3 22. gxf3 Qe6 23. Rc1 Qg6+ 24. Kf1 Rf6 25. Qe5 Qh5 26. Qg3 Qh6 27. Rcd1 Rg6 28. Rd8+ Rxd8 29. Rxd8+ Kf7 30.
Qxc7+ Kf6 31. Rd6+ Kg5 32. Rxg6+ hxg6 33. Qg3+ Kf6 34. f4 Qh5 35. Ke1 g5 36. fxg5+ Qxg5 37. Qxg5+ Kxg5 38. Ke2 Kg4 39. Kf1 Kh3 40. Kg1 g5 41. f3 g4 42. fxg4 fxg4 43. Kh1 g3 44.
hxg3 Kxg3 45. Kg1 Kf3 46. Kf1 Ke3 47. Ke1 Kd3 48. Kd1 Kc3 49. Kc1 Kb4 50. Kb2 a5 51. a3+ Kb5 52. Kc3 c5 53. a4+ Kc6 54. Kc4 Kb6 55. Kd5 c4 56. bxc4 Kc7 57. Kc5 Kb7 58. Kd6 Ka6 59. c5 Kb7 60. Kd7 Kb8 61. c6 Ka7 62. c7 Ka8 63. c8=Q+ Ka7 64. Qc5+ Kb7 65. Qb5+ Ka7 66. Kc7 1-0

[Event "Live Chess"]
[Site "Chess.com"]
[Date "2023.05.21"]
[Round "-"]
[White "raminguy"]
[Black "f4nomore"]
[Result "0-1"]
[WhiteElo "1957"]
[BlackElo "1409"]
[TimeControl "300"]
[EndTime "2:38:18 PDT"]
[Termination "f4nomore won by resignation"]

1. d4 g6 2. Nc3 Bg7 3. Bf4 d6 4. Qd2 Nd7 5. Nf3 b6 6. O-O-O Bb7 7. e4 Rc8 8. h4 h5 9. Bd3 c5 10. dxc5 Nxc5 11. Bb5+ Nd7 12. e5 Bxf3 13. gxf3 Rc5 14. Rhe1 Nh6 15. b4 Rxc3 16. Qxc3 Nf5 17. Qc6 O-O 18.
Qxd7 Qa8 19. exd6 Qxf3 20. Bd2 exd6 21. Re8 Qa3+ 0-1

[Event "Live Chess"]
[Site "Chess.com"]
[Date "2023.05.21"]
[Round "-"]
[White "JanMur7"]
[Black "Davidagye"]
[Result "1-0"]
[WhiteElo "1957"]
[BlackElo "1666"]
[TimeControl "300"]
[EndTime "2:38:28 PDT"]
[Termination "JanMur7 won by resignation"]

1. e4 Nf6 2. Nc3 d6 3. d4 Nbd7 4. f4 e5 5. Nf3 exd4 6. Nxd4 Be7 7. Bc4 O-O 8. O-O c6 9. Nf5 Nb6 10. Nxe7+ Qxe7 11. Bd3 Re8 12. Be3 Ng4 13. Qf3 Nxe3 14. Qxe3 f5 15. Rae1 fxe4 16. Nxe4 d5 17. Nf6+ gxf6 18.
Qxe7 Rxe7 19. Rxe7 Bd7 20. Rf3 Re8 21. Rg3+ Kf8 22.
Rxe8+ Bxe8 23. Bxh7 Bf7 24. Bg6 d4 25. Bxf7 Kxf7 26. Rd3 c5 27. b3 Ke6 28. Kf2 Kd5 29. Kf3 a5 30. h4 a4 31. h5 Nd7 32. h6 Nf8 33. bxa4 c4 34. Rd1 d3 35. cxd3 c3 36. Ke3 f5 37. Rc1 1-0

[Event "Live Chess"]
[Site "Chess.com"]
[Date "2023.05.21"]
[Round "-"]
[White "domrobson"]
[Black "SupremeTactician"]
[Result "0-1"]
[WhiteElo "1702"]
[BlackElo "2262"]
[TimeControl "300"]
[EndTime "2:38:28 PDT"]
[Termination "SupremeTactician won by resignation"]

1. d4 Nf6 2. c4 e6 3. Nf3 b6 4.
Nc3 Bb7 5. Bg5 Bb4 6. e3 O-O 7. Bd3 h6 8. Bxf6 Qxf6 9. O-O Bxf3 10. Qxf3 Qxf3 11. gxf3 Bxc3 12. bxc3 c6 13. e4 d6 14. d5 cxd5 15. cxd5 exd5 16. exd5 Nd7 17. c4 Ne5 18.
Be2 Rac8 19. Rfc1 Rfe8 20. Kf1 Ng6 21. Rc3 Nf4 22. Re1 Re5 23. Bd1 Rxe1+ 24. Kxe1 b5 25. Bb3 Nxd5 26. Rd3 bxc4 27. Bxc4 Nb4 28. Rd4 Nc2+ 0-1

[Event "Live Chess"]
[Site "Chess.com"]
[Date "2023.05.21"]
[Round "-"]
[White "NatashaRegan"]
[Black "JoshMcK"]
[Result "1-0"]
[WhiteElo "1743"]
[BlackElo "1519"]
[TimeControl "300"]
[EndTime "2:38:39 PDT"]
[Termination "NatashaRegan won by resignation"]

1. e4 c6 2. f4 d5 3. e5 Bf5 4. Nf3 e6 5. d4 c5 6. Be3 cxd4 7. Nxd4 Be4 8. Nd2 Bg6 9. c4 dxc4 10. Bxc4 Bc5 11. N2b3 Bxd4 12. Nxd4 Ne7 13. O-O O-O 14. Qf3 Nbc6 15. Rad1 Qc7 16. Nb5 Qc8 17. Nd6 Qc7 18. Rc1 Nf5 19. Nxf5 Bxf5 20. Bb5 Rac8 21. Bc5 Rfd8 22.
a4 a6 23. Be2 Qa5 24. b3 Nd4 25. Bxd4 Rxc1 26. Rxc1 Rxd4 27. Qxb7 Rd8 28. Bxa6 Qd2 29. Qc7 Be4 30. Bf1 Qd4+ 31. Kh1 g6 32. a5 Bd3 33.
Rd1 Qf2 34. Qxd8+ 1-0

[Event "Live Chess"]
[Site "Chess.com"]
[Date "2023.05.21"]
[Round "-"]
[White "RamsayFlayer"]
[Black "GwaryTek"]
[Result "1-0"]
[WhiteElo "1972"]
[BlackElo "2042"]
[TimeControl "300"]
[EndTime "2:38:57 PDT"]
[Termination "RamsayFlayer won on time"]

1. e4 Nf6 2. e5 Nd5 3. c4 Nb6 4. d4 d6 5. f4 dxe5 6. fxe5 c5 7. dxc5 Qxd1+ 8. Kxd1 N6d7 9. e6 Nxc5 10. exf7+ Kxf7 11. Nh3 Nc6 12. Ng5+ Kg6 13. Be3 Bg4+ 14. Be2 Rd8+ 15. Nd2 Bxe2+ 16. Kxe2 Nd4+ 17. Bxd4 Rxd4 18. Ngf3 Rd8 19.
Rhe1 Nd3 20. Rf1 e5 21. Ne4 Nf4+ 22. Kf2 Bd6 23. Nxd6 Nd3+ 24. Ke3 Rxd6 25. Rad1 Rhd8 26. b3 h6 27. Nh4+ Kh7 28. Nf5 R6d7 29. Rd2 Nb4 30.
Rxd7 Rxd7 31. Ke4 Nc6 32. Rf3 Rf7 33. Nd6 Rd7 34. Nb5 a6 35. Nc3 Rd4+ 36. Ke3 Rd7 37.
Nd5 b5 38. Ke4 bxc4 39. bxc4 Rb7 40. Rb3 Rf7 41. Rb6 Nd4 42. Kxe5 Ne2 43. Rxa6 1-0

[Event "Live Chess"]
[Site "Chess.com"]
[Date "2023.05.21"]
[Round "-"]
[White "Richardallis"]
[Black "chessfiction"]
[Result "0-1"]
[WhiteElo "1877"]
[BlackElo "2337"]
[TimeControl "300"]
[EndTime "2:39:06 PDT"]
[Termination "chessfiction won by resignation"]

1. d4 d5 2. Nf3 Nc6 3. c4 Bg4 4. cxd5 Qxd5 5. Nc3 Qh5 6. Bf4 O-O-O 7. Qa4 Bxf3 8.
exf3 Rxd4 9. Qxd4 Nxd4 10. Bd3 e5 11. Bxe5 Qxe5+ 0-1

[Event "Live Chess"]
[Site "Chess.com"]
[Date "2023.05.21"]
[Round "-"]
[White "RockTroll"]
[Black "MJMykh"]
[Result "1-0"]
[WhiteElo "2213"]
[BlackElo "1184"]
[TimeControl "300"]
[EndTime "2:39:18 PDT"]
[Termination "RockTroll won by checkmate"]

1. Nf3 Nc6 2. g3 e5 3. d3 Nf6 4.
Bg2 Bc5 5. O-O Ng4 6. a3 Nxf2 7. Rxf2 Bxf2+ 8. Kxf2 O-O 9. Kg1 h6 10. e4 d6 11. Nc3 Bg4 12. Be3 Bxf3 13. Qxf3 Qe7 14. Nd5 Qd8 15. Rf1 Ne7 16. Nxe7+ Qxe7 17. Qg4 Kh7 18.
Qf5+ Kg8 19. Bf3 g6 20. Qh3 h5 21. Bxh5 gxh5 22. Qxh5 Kg7 23. Bh6+ Kg8 24. Rf5 f6 25. Qg6+ Kh8 26. Bxf8 Qxf8 27. Rh5+ Qh6 28. Rxh6# 1-0

[Event "Live Chess"]
[Site "Chess.com"]
[Date "2023.05.21"]
[Round "-"]
[White "Brooms1989"]
[Black "Chris_pea"]
[Result "1-0"]
[WhiteElo "1109"]
[BlackElo "608"]
[TimeControl "300"]
[EndTime "2:39:30 PDT"]
[Termination "Brooms1989 won by resignation"]

1. e4 e5 2. Nc3 Nf6 3. f4 d5 4. fxe5 Nxe4 5. Nxe4 dxe4 6. d4 Qh4+ 7. g3 Qd8 8. Bc4 Bb4+ 9. c3 Be7 10. Ne2 O-O 11. O-O Nc6 12. Nf4 Bh3 13. Rf2 Qd7 14. Nxh3 Qxh3 15. Bd5 Na5 16. Bxe4 Nc4 17. Bd5 Nxe5 18. dxe5 Bc5 19. Qe2 c6 20. Bg2 Qf5 21. Be3 Qxe5 22. Bxc5 Qxc5 23. Rf1 Rae8 24. Qc2 Re7 25. Kh1 Rfe8 26. Qf5 f6 27. Qxc5 1-0

[Event "Live Chess"]
[Site "Chess.com"]
[Date "2023.05.21"]
[Round "-"]
[White "elephantgerrald"]
[Black "Purple1szed"]
[Result "0-1"]
[WhiteElo "688"]
[BlackElo "1823"]
[TimeControl "300"]
[EndTime "2:39:50 PDT"]
[Termination "Purple1szed won by checkmate"]

1. e4 e5 2. Nf3 Nc6 3. Bb5 a6 4. Bxc6 dxc6 5. Nxe5 Qd4 6. Nf3 Qxe4+ 7. Qe2 Qxe2+ 8.
Kxe2 Bg4 9. Re1 Be7 10. h3 Bxf3+ 11. Kxf3 Nf6 12. g3 Nd5 13. Kg2 O-O 14. Nc3 Nxc3 15. dxc3 Bd6 16. Be3 Rfe8 17. Rad1 Rad8 18. a4 f6 19. Bf4 Bxf4 20. Rxe8+ Rxe8 21. gxf4 Re2 22.
Rd8+ Kf7 23. Rd7+ Re7 24. Rxe7+ Kxe7 25. b4 Ke6 26. Kf3 Kd5 27. Ke3 f5 28. a5 Kc4 29.
f3 Kxc3 30. h4 Kxb4 31. Kd4 Kxa5 32. Ke5 Kb4 33. Kxf5 a5 34. Ke5 a4 35. f5 a3 36.
f6 gxf6+ 37. Kxf6 a2 38. f4 a1=Q+ 39. Ke6 Qc3 40. f5 Qxc2 41. f6 Qg6 42. Ke7 c5 43. f7 Qe4+ 44. Kf8 c4 45. Kg8 Qe6 46.
Kg7 Qe5+ 47. Kf8 c3 48. Kg8 c2 49. f8=Q+ Qc5 50. Qf4+ Qc4+ 51. Qxc4+ Kxc4 52. Kxh7 c1=Q 53. h5 Qg5 54. h6 Qxh6+ 55. Kxh6 b5 56. Kg5 b4 57.
Kf4 b3 58. Ke3 b2 59. Kf4 b1=Q 60. Ke5 Qd3 61. Kf6 Qd5 62. Kg6 Qf3 63. Kg5 Kd5 64.
Kh4 Qg2 65. Kh5 Qg3 66. Kh6 Qg4 67. Kh7 Qg5 68. Kh8 Ke6 69. Kh7 Kf7 70. Kh8 Qg7# 0-1

[Event "Live Chess"]
[Site "Chess.com"]
[Date "2023.05.21"]
[Round "-"]
[White "HoarseyHorsey"]
[Black "ItsNot_Jasper"]
[Result "0-1"]
[WhiteElo "1439"]
[BlackElo "1348"]
[TimeControl "300"]
[EndTime "2:39:56 PDT"]
[Termination "ItsNot_Jasper won by resignation"]

1. d4 Nf6 2. c4 e6 3. Nc3 Bb4 4. e3 c5 5. Ne2 O-O 6. a3 Bxc3+ 7. bxc3 Qa5 8. Bd2 d5 9. cxd5 Nxd5 10. c4 Qc7 11.
cxd5 exd5 12. Bc3 Nc6 13. Rc1 b6 14. g3 Re8 15. Bg2 Bb7 16. Qd3 c4 17. Qf5 Ne7 18. Qf3 b5 19. Bb4 Ng6 20. Nf4 a5 21. Bc5 Nf8 22.
Bxf8 Kxf8 23. O-O b4 24. axb4 axb4 25. Ra1 Rxa1 26. Rxa1 b3 27. Ra7 b2 28. Qd1 c3 29.
Qc2 Qb6 30. Rxb7 Qxb7 31. Bxd5 b1=Q+ 32. Qxb1 Qxb1+ 33. Kg2 c2 34. Nd3 Qd1 35. Bb3 Qxd3 0-1

[Event "Live Chess"]
[Site "Chess.com"]
[Date "2023.05.21"]
[Round "-"]
[White "KeithArkell"]
[Black "Rusty_Bridges"]
[Result "1-0"]
[WhiteElo "2511"]
[BlackElo "1514"]
[TimeControl "300"]
[EndTime "2:40:11 PDT"]
[Termination "KeithArkell won on time"]

1. d4 d5 2. Nf3 e6 3. c4 Nf6 4. cxd5 Nxd5 5. Nc3 c6 6. Bg5 Be7 7. Bxe7 Qxe7 8. e3 Nd7 9. Bd3 N7f6 10. O-O b6 11.
Rc1 Bb7 12. Nxd5 Nxd5 13. Ne5 Rc8 14. Be4 f6 15. Nd3 O-O 16. a3 f5 17. Bf3 Nf6 18. Ne5 Nd7 19. Nxd7 Qxd7 20. b4 f4 21. Re1 fxe3 22.
Rxe3 a5 23. h3 axb4 24. axb4 Qe7 25. Qb3 Rf6 26. Rce1 Re8 27. b5 cxb5 28. Bxb7 Qxb7 29. Qxb5 Ref8 30. R1e2 Qc7 31. g3 Qd6 32. Qe5 Qb4 33.
Kg2 b5 34. Rc2 Kh8 35. Qc5 Qa4 36. Rxe6 Qxc2 37. Qxc2 Rxe6 38. d5 Rd6 39. Qc5 Rfd8 40. Qxb5 Rxd5 41. Qb6 Rf8 42. f4 Rd2+ 43. Kf3 Rfd8 44.
Kg4 h6 45. h4 Kh7 46. h5 R2d6 47. Qb1+ Kh8 48. Qe4 Rd4 49. Qe7 R4d7 50. Qe6 Rd6 51. Qf7 R6d7 52. Qc4 Rd4 53. Qc7 R4d7 54. Qe5 Rd5 55.
Qe7 R5d7 56. Qh4 Rd4 57. Kh3 Rd1 58. Qe7 R1d7 59. Qe2 Rd2 60. Qf3 R2d3 61. Qg4 R3d7 62. f5 Rd1 63. Qf3 R1d3 64. Qg4 R3d4 65. Qf3 R4d5 66.
f6 R5d7 67. fxg7+ Rxg7 68. Qf6 Rg8 69. Qxh6+ Rh7 70. Qf6+ Rhg7 71. h6 1-0

[Event "Live Chess"]
[Site "Chess.com"]
[Date "2023.05.21"]
[Round "-"]
[White "LiamBellwood"]
[Black "wot-not"]
[Result "1-0"]
[WhiteElo "1959"]
[BlackElo "1559"]
[TimeControl "300"]
[EndTime "2:40:13 PDT"]
[Termination "LiamBellwood won by resignation"]

1. d4 Nf6 2. Nc3 d6 3. Bf4 Bg4 4. f3 Bh5 5. g4 Bg6 6. e3 h5 7. g5 Nfd7 8. h4 e5 9. dxe5 dxe5 10. Bg3 Bb4 11. Qd2 O-O 12. O-O-O c6 13. Bxe5 Qa5 14. Bd6 Bxc3 15. Qxc3 Qxc3 16. bxc3 Nb6 17.
Bxf8 Kxf8 18. Bd3 Na6 19. Bxg6 fxg6 20. Nh3 Re8 21. e4 Nc4 22. Nf4 b5 23. Rd7 Nc5 24.
Nxg6+ 1-0

[Event "Live Chess"]
[Site "Chess.com"]
[Date "2023.05.21"]
[Round "-"]
[White "Tushinskiy"]
[Black "MarkLim1"]
[Result "1-0"]
[WhiteElo "2142"]
[BlackElo "1728"]
[TimeControl "300"]
[EndTime "2:40:42 PDT"]
[Termination "Tushinskiy won by resignation"]

1. d4 Nf6 2. c3 e6 3. Nf3 b6 4.
Bf4 Ba6 5. Nbd2 Be7 6. e4 Bxf1 7.
Kxf1 d5 8. e5 Nfd7 9. h3 O-O 10.
g4 c5 11. Be3 Nc6 12. Kg2 cxd4 13. cxd4 f6 14. exf6 Nxf6 15. Rc1 Qd6 16. Qa4 Rac8 17. Rc3 Na5 18. Rhc1 Rxc3 19. Rxc3 h6 20. Ne5 Ne4 21.
Nxe4 dxe4 22. a3 Bf6 23. Nd7 Rd8 24. Nxf6+ gxf6 25. b4 Nb7 26. Qxa7 Qd5 27. Qxb6 f5 28.
Rc7 Rd7 29. Rxd7 Qxd7 30. gxf5 exf5 31. Qxh6 Nd6 32. Bf4 Nf7 33. Qg6+ Kf8 34. Be5 Qe7 35. Bf6 Qb7 36. Qg7+ Ke8 37. Qg8+ 1-0

[Event "Live Chess"]
[Site "Chess.com"]
[Date "2023.05.21"]
[Round "-"]
[White "Singapourfeuj"]
[Black "Tilbs_12"]
[Result "1-0"]
[WhiteElo "2193"]
[BlackElo "1572"]
[TimeControl "300"]
[EndTime "2:40:50 PDT"]
[Termination "Singapourfeuj won by resignation"]

1. d4 d5 2. Nf3 Nf6 3. g3 g6 4.
Bg2 Bg7 5. O-O O-O 6. Nbd2 c6 7. c4 Re8 8. Re1 Bg4 9. h3 Bxf3 10. Nxf3 Nbd7 11.
cxd5 cxd5 12. Qb3 b6 13. Ne5 Nxe5 14. dxe5 Ne4 15. Bf4 e6 16. Rac1 Nc5 17. Qa3 Nd7 18. e4 dxe4 19. Bxe4 Nc5 20. Bxa8 Qxa8 21. b4 Nd7 22. Rcd1 Nb8 23. Qa4 Rf8 24. Rd6 Qb7 25. b5 Rc8 26. Qd4 Rc5 27. Rd8+ Bf8 28. Bh6 Rc8 29.
Rd1 Qe7 30. Bxf8 1-0

[Event "Live Chess"]
[Site "Chess.com"]
[Date "2023.05.21"]
[Round "-"]
[White "mliszewski"]
[Black "JackCheetham1"]
[Result "0-1"]
[WhiteElo "1816"]
[BlackElo "1707"]
[TimeControl "300"]
[EndTime "2:40:55 PDT"]
[Termination "JackCheetham1 won by checkmate"]

1. d4 Nf6 2. Bg5 e6 3. Nd2 d5 4.
e3 c5 5. c3 Be7 6. f4 Nc6 7.
Bd3 h6 8. Bh4 b6 9. Ngf3 Bb7 10.
O-O O-O 11. Ne5 Qc7 12. Qf3 Rfe8 13. g4 Nd7 14. Bxe7 Rxe7 15. g5 Ndxe5 16. fxe5 Nxe5 17. dxe5 Qxe5 18. gxh6 d4 19. e4 Qg5+ 20. Qg2 Qxh6 21.
Rf3 e5 22. cxd4 exd4 23. Rg3 Re6 24. Rf1 Rae8 25. Rf5 Re5 26. Rxe5 Rxe5 27. Qh3 Qxd2 28. Qg4 g6 29. h4 Qe1+ 30. Bf1 Rxe4 31. Qg5 Kg7 32.
h5 Re5 33. h6+ Kh7 34. Qg4 Ba6 35. Rf3 Re3 36. Rxf7+ Kxh6 37. Qf4+ g5 38. Qf6+ Kh5 39. Rh7+ Kg4 40. Rh2 Rg3+ 41. Rg2 Rxg2+ 42. Kxg2 Qg3+ 43. Kh1 Bb7+ 44. Qf3+ Bxf3+ 45. Bg2 Qxg2# 0-1

[Event "Live Chess"]
[Site "Chess.com"]
[Date "2023.05.21"]
[Round "-"]
[White "LiamClery2020"]
[Black "Biranidun"]
[Result "0-1"]
[WhiteElo "1983"]
[BlackElo "2553"]
[TimeControl "300"]
[EndTime "2:41:01 PDT"]
[Termination "Biranidun won by resignation"]

1. e4 c5 2. Nf3 d6 3. Bb5+ Nd7 4. Bxd7+ Bxd7 5. O-O Nf6 6. Re1 Bc6 7. d3 e6 8.
Nc3 Be7 9. d4 cxd4 10. Nxd4 Rc8 11. Nxc6 Rxc6 12. Bg5 h6 13. Bf4 O-O 14. Qd2 Qb6 15.
b3 Rfc8 16. Na4 Qa6 17. c4 b5 18. cxb5 Qxb5 19. f3 d5 20. e5 Rc2 21. Qe3 Nh5 22. Rac1 Nxf4 23. Qxf4 Bg5 24. Rxc2 Rxc2 25. Qd4 Rxa2 26.
Nc3 Qxb3 27. Nxa2 Qxa2 28. f4 Bd8 29. Kh1 Bb6 30. Ra1 Qe2 31. Qa4 Kh7 32. Qe8 Qh5 33. Qa4 Qf5 34. Rc1 Be3 35. Rf1 g5 36. g3 d4 37. Qxa7 Qe4+ 0-1

[Event "Live Chess"]
[Site "Chess.com"]
[Date "2023.05.21"]
[Round "-"]
[White "Mikhail_Golubev"]
[Black "DoYouLikeCurry"]
[Result "1-0"]
[WhiteElo "2467"]
[BlackElo "1391"]
[TimeControl "300"]
[EndTime "2:41:03 PDT"]
[Termination "Mikhail_Golubev won by resignation"]

1. Na3 Nf6 2. c3 d6 3. Nc2 c5 4. g3 Nc6 5. Bg2 Bd7 6. f4 g6 7. Nf3 Bg7 8. d3 Qb6 9. O-O O-O 10. Kh1 Rac8 11. e4 e5 12. f5 Ne7 13. Nh4 c4 14.
d4 Bc6 15. d5 Bd7 16. g4 Rfe8 17. g5 Nh5 18. f6 Bxf6 19. gxf6 Nxf6 20. Rxf6 1-0

[Event "Live Chess"]
[Site "Chess.com"]
[Date "2023.05.21"]
[Round "-"]
[White "siddu198"]
[Black "hunany_3"]
[Result "1-0"]
[WhiteElo "1622"]
[BlackElo "1719"]
[TimeControl "300"]
[EndTime "2:41:04 PDT"]
[Termination "siddu198 won by resignation"]

1. e4 e5 2. Nf3 Nc6 3. Bb5 a6 4. Ba4 Nf6 5. Nc3 b5 6. Bb3 Be7 7. d3 O-O 8. O-O d6 9. h3 Bb7 10. Bg5 h6 11. Bh4 Na5 12. Qd2 c5 13.
Rae1 Nxb3 14. axb3 b4 15. Na4 Bc6 16. Ra1 a5 17. c3 Nh5 18. Bxe7 Qxe7 19. Nb6 Ra6 20. Nd5 Bxd5 21. exd5 Nf4 22. Rfe1 Nxd5 23. c4 Nf4 24. Qxf4 exf4 25. Rxe7 g5 26. g4 Rfa8 27. Ra4 Kg7 28. Re1 Rd8 29. h4 Kf6 30. hxg5+ hxg5 31. d4 Kg6 32. dxc5 dxc5 33. Re5 Rd1+ 34. Kg2 Rb1 35. Rxg5+ Kf6 36. Rxc5 Rxb2 37. Rcxa5 Rxa5 38. Rxa5 Rxb3 39. c5 Rc3 40. Ra6+ Ke7 41. Nd4 Rxc5 42. Nc6+ Kd7 43.
Nxb4 Rg5 44. Kf3 f5 45. gxf5 Rxf5 46. Nd3 Ke7 47. Nxf4 Kd7 48. Ke4 Rf8 49. Nd3 Re8+ 50. Kd4 Rf8 51. f4 Kc7 52. Re6 Kd7 53. Nc5+ Kd8 54.
Ke5 Kc7 55. f5 Rf7 56. f6 Rf8 57. Re7+ Kc6 58. Ne4 Rg8 59. f7 Rg7 60. f8=Q 1-0

[Event "Live Chess"]
[Site "Chess.com"]
[Date "2023.05.21"]
[Round "-"]
[White "maxmlynek"]
[Black "Duke_of_Bebington"]
[Result "1-0"]
[WhiteElo "1909"]
[BlackElo "1586"]
[TimeControl "300"]
[EndTime "2:41:05 PDT"]
[Termination "maxmlynek won by checkmate"]

1. e4 e5 2. Nf3 Nf6 3. Nc3 Nc6 4. d3 d5 5. exd5 Nxd5 6. Bd2 Be6 7. Be2 Be7 8. O-O h5 9. Re1 h4 10. Bf1 f6 11. Nxd5 Bxd5 12. c4 Be6 13. b4 h3 14. b5 hxg2 15. Bxg2 Nd4 16. Nxd4 Qxd4 17. Be3 Qh4 18. Bxb7 Qxh2+ 19. Kf1 Bh3+ 20. Ke2 Bg4+ 21. Bf3 Bxf3+ 22. Kxf3 Qh5+ 23. Ke4 f5+ 24. Kxe5 Bf6+ 25. Kd5 Qf7+ 26. Kc5 Qe7+ 27. Kc6 Qd7+ 28. Kb7 Qc8+ 29. Kc6 O-O 30. Bc5 Rd8 31. Rc1 Qd7+ 32. Kb7 Rab8+ 33. Ka6 Bd4 34. Re7 Qc8+ 35. Ka5 Bxc5 36.
Rxg7+ Kxg7 37. Qg1+ Kf6 38. Qg3 Rg8 39. Qh4+ Ke6 40. Re1+ Kd7 41. Qh7+ Kd6 42. Qh6+ Kd7 43. Qe6+ Kd8 44. Qxg8+ Kd7 45. Qe6+ Kd8 46. Qe8# 1-0